 Dungeon Crawl Stone Soup version 0.21-a0-531-gacddea6 (webtiles) character file.

224 AverageBear the Cutter (level 5, -6/31 HPs)
             Began as a Deep Elf Fighter on Dec 12, 2017.
             Mangled by Menkaure (21 damage)
             ... on level 4 of the Dungeon.
             The game lasted 00:02:26 (2656 turns).

AverageBear the Cutter (Deep Elf Fighter)           Turns: 2656, Time: 00:02:26

Health: -6/31      AC:  7    Str: 14    XL:     5   Next: 67%
Magic:  7/7        EV:  8    Int: 13    God:
Gold:   186        SH:  6    Dex: 14    Spells: 4/4 levels left

rFire    . . .     SeeInvis .   a - +1 rapier
rCold    . . .     Gourm    .   h - +2 buckler
rNeg     . . .     Faith    .   b - +0 scale mail
rPois    +         Spirit   .   (no helmet)
rElec    .         Reflect  .   i - +0 cloak
rCorr    .         Harm     .   (no gloves)
MR       .....                  (no boots)
Stlth    ..........             (no amulet)
HPRegen  0.10/turn              o - ring of poison resistance
MPRegen  0.10/turn              q - ring of flight

@: flying
A: no striking features
a: no special abilities


You were on level 4 of the Dungeon.
You were not hungry.

You visited 1 branch of the dungeon, and saw 4 of its levels.

You collected 186 gold pieces.

Inventory:

Hand Weapons
 a - a +1 rapier (weapon)
Armour
 b - a +0 scale mail (worn)
 h - a +2 buckler (worn)
 i - a +0 cloak (worn)
Jewellery
 o - a ring of poison resistance (left hand)
 q - a ring of flight (right hand)
Scrolls
 c - 3 scrolls of enchant armour
 j - a scroll of remove curse
 k - 2 scrolls of fear
 n - 2 scrolls of teleportation
 r - a scroll of magic mapping {unknown}
Potions
 d - a potion of might
 e - 3 potions of curing
 g - a potion of heal wounds
 p - a potion of resistance {unknown}
 s - a potion of flight
Comestibles
 f - 3 bread rations
 l - 3 chunks of flesh
 m - 4 fruits
 t - a royal jelly


   Skills:
 - Level 2.4 Fighting
 + Level 6.0 Short Blades
 - Level 2.4 Armour
 - Level 2.4 Shields


You had 4 spell levels left.
You didn't know any spells.

Dungeon Overview and Level Annotations

Branches:
Dungeon (4/15)
 Temple: D:4-7

Altars:
Vehumet

Annotations:
D:4 Menkaure


Message History

Menkaure mumbles some strange words.
Menkaure seems to speed up.
Found a scroll of fear.
Menkaure is nearby!
Menkaure gestures at you while chanting.
You struggle to resist.
You hit Menkaure.
Menkaure is lightly damaged.
Menkaure hits you!
You are too injured to fight recklessly!
You are too injured to fight recklessly!
You are too injured to fight recklessly!
You are too injured to fight recklessly!
You are too injured to fight recklessly!
You are too injured to fight recklessly!
It was a potion of flight.
You feel very buoyant.
You fly up into the air.
Menkaure hits you!!
Ouch! That really hurt!
You die...

#....#..#....#.#
#.###.....#....#.#.#
#.......#.#...##.#.# #
.............##.#.#
#.###.#.......(.......#
.....#...........#...#
#..............#....
#.####.............##.#.
......M@..........###.#
..####...#.......>....##
#.$.####.##>.......
...?.. .............
###.#.####.###.......
..... #.###....##.
#...#. #........##. ....
#. ####.....##. #.......


You could see Menkaure.

Vanquished Creatures
  A howler monkey (D:2)
  2 orc wizards (D:4)
  4 adders
  2 oozes
  An adder skeleton (D:4)
  A dart slug (D:2)
  7 orcs
  A giant cockroach (D:1)
  9 goblins
  5 hobgoblins
  14 jackals
  4 kobolds
  2 quokkas
  10 bats
  3 frilled lizards (D:2)
  9 rats
75 creatures vanquished.

Notes
Turn   | Place    | Note
-------+----------+-------------------------------------------
     0 | D:1      | AverageBear the Deep Elf Fighter began the quest for the Orb.
     0 | D:1      | Reached XP level 1. HP: 13/13 MP: 3/3
   108 | D:1      | Reached XP level 2. HP: 14/18 MP: 4/4
   159 | D:1      | Reached skill level 3 in Short Blades
   862 | D:2      | Reached XP level 3. HP: 22/22 MP: 5/5
  1325 | D:2      | Reached skill level 4 in Short Blades
  1490 | D:2      | Reached XP level 4. HP: 22/27 MP: 6/6
  1994 | D:3      | Reached skill level 5 in Short Blades
  2125 | D:3      | Reached XP level 5. HP: 31/31 MP: 7/7
  2372 | D:3      | Found a radiant altar of Vehumet.
  2591 | D:4      | Reached skill level 6 in Short Blades
  2651 | D:4      | Noticed Menkaure
  2656 | D:4      | Mangled by Menkaure

Vault maps used:
D:1:      lemuel_arrival_room
D:2:      cheibrodos_helix_gallery
D:3:      vehumet_crystals
D:4:      first_bread, uniq_menkaure

Skill      XL: |  1  2  3  4  5 |
---------------+----------------+-----
Short Blades   | 3 4 5 6 |  6.0
Fighting       | |  2.4
Armour         | |  2.4
Shields        | |  2.4

Action                   |  1- 3 |  4- 6 || total
-------------------------+-------+-------++-------
Melee: Rapier            |   158 |   109 ||   267
  Use: Scroll            |     2 |     5 ||     7
       Potion            |     1 |     1 ||     2
  Eat: Chunk             |     2 |     4 ||     6
Armor: Scale mail        |    69 |    51 ||   120
Dodge: Dodged            |    44 |    29 ||    73
Block: Shield            |    10 |       ||    10
       Buckler           |    46 |    25 ||    71

Table legend:
 A = Spawn XP
 B = Non-spawn XP
 C = Spawn XP percentage of total XP
 D = Spawn monster count
 E = Non-spawn monster count
 F = Spawn count percentage of total count
 G = Total turns spent on level
                    A         B        C        D         E        F      G
               +---------+---------+-------+---------+---------+-------+---------
         Total |       0 |     321 |   0.0 |       0 |      75 |   0.0 |  2656
               +---------+---------+-------+---------+---------+-------+---------
           D:1 |       0 |      39 |   0.0 |       0 |      24 |   0.0 |   792
           D:2 |       0 |     114 |   0.0 |       0 |      24 |   0.0 |  1128
           D:3 |       0 |      80 |   0.0 |       0 |      21 |   0.0 |   571
           D:4 |       0 |      88 |   0.0 |       0 |       6 |   0.0 |   165
               +---------+---------+-------+---------+---------+-------+---------
